Map: Автоматон РВ

Players

Murena

  • Race: Terran Terran
  • Spawn Location: 3:00

ИИ 1 (эксперт) - Winner!

  • Race: Zerg Zerg
  • Spawn Location: 9:00

VOD

Have the link to the VOD?

Description

Time

  • Played on: Feb. 5, 2019, 6:23 p.m.
  • Length: 6:37
Show
View Real Time Build Order
Export as new Build Order

Murena Terran 

Build Orders:  

Get SALT Encoding   

  12  0:00  SCV  
  13  0:12  SCV  
  14  0:20  Supply Depot  
  14  0:25  SCV  
  15  0:42  SCV  
  16  0:44  Barracks  
  16  0:47  Refinery  
  16  0:54  SCV  
  17  1:07  SCV  
  18  1:19  SCV  
  19  1:32  Marine  
  20  1:34  Command Center  
  20  1:38  SCV  
  21  1:50  Marine  
  21  1:52  Supply Depot  
  21  1:53  SCV  
  23  2:06  Factory  
  23  2:16  Orbital Command  
  23  2:20  Marine  
  24  2:28  Supply Depot  
  24  2:35  Refinery  
  24  2:38  Barracks Reactor  
  24  2:42  SCV  
  25  2:50  Bunker  
  25  2:57  Armory  
  25  2:59  SCV  
  25  3:03  Factory Tech Lab  
  26  3:06  SCV  
  26  3:12  SCV  
  28  3:16  Marine x2  
  28  3:18  SCV  
  31  3:26  SCV  
  32  3:29  Siege Tank  
  32  3:32  SCV  
  36  3:37  Marine, Reaper  
  36  3:40  SCV  
  39  3:47  SCV  
  40  3:50  Refinery  
  40  3:53  SCV  
  41  3:55  Marine  
  41  4:00  SCV  
  43  4:07  Thor  
  43  4:09  Marine  
  50  4:12  SCV  
  50  4:16  Engineering Bay  
  51  4:19  SCV, Refinery  
  52  4:25  Reaper  
  52  4:27  Marine  
  52  4:30  Supply Depot  
  54  4:34  Orbital Command  
  54  4:43  Factory  
  54  4:52  SCV  
  55  4:55  Cyclone  
  55  4:59  Marine  
  59  5:00  Marine  
  59  5:02  SCV  
  61  5:09  SCV  
  61  5:11  Barracks  
  62  5:15  Supply Depot  
  62  5:18  Missile Turret  
  62  5:21  Missile Turret  
  62  5:26  Factory Tech Lab  
Show
View Real Time Build Order
Export as new Build Order

ИИ 1 (эксперт) Zerg - Winner!

Build Orders: Pool First 

Get SALT Encoding   

  12  0:00  Drone  
  13  0:12  Overlord  
  13  0:18  Drone  
  14  0:30  Drone  
  14  0:31  Drone  
  14  0:34  Drone  
  17  0:48  Spawning Pool  
  16  0:50  Drone  
  17  1:12  Hatchery  
  17  1:16  Drone  
  17  1:17  Extractor  
  16  1:21  Drone  
  17  1:25  Extractor  
  17  1:26  Drone  
  17  1:30  Drone  
  18  1:38  Drone  
  19  1:49  Overlord  
  19  1:58  Queen  
  21  2:04  Zergling x2  
  22  2:10  Drone  
  23  2:25  Queen  
  25  2:31  Drone  
  26  2:37  Drone  
  26  2:42  Drone  
  28  2:45  Drone  
  29  3:00  Roach Warren, Drone  
  29  3:04  Drone  
  30  3:06  Zergling x2  
  30  3:10  Zergling x2  
  32  3:16  Overlord  
  32  3:20  Drone  
  32  3:22  Drone  
  34  3:41  Roach x2  
  38  3:42  Roach x2  
  38  3:46  Lair  
  42  3:51  Overlord  
  42  3:56  Overlord  
  42  4:00  Zergling x2  
  43  4:03  Zergling x2  
  43  4:09  Drone, Zergling x2  
  46  4:10  Drone  
  46  4:13  Drone  
  46  4:16  Drone  
  49  4:18  Drone  
  49  4:22  Roach  
  52  4:26  Roach  
  52  4:31  Overlord  
  54  4:38  Drone  
  55  4:41  Drone  
  55  4:42  Drone  
  55  4:44  Drone  
  58  4:48  Overlord  
  58  4:49  Infestation Pit  
  58  4:52  Drone  
  58  4:55  Overlord  
  58  4:58  Roach  
  60  5:03  Hydralisk Den  
  59  5:08  Drone  
  59  5:10  Drone  
  59  5:12  Drone  
  62  5:14  Drone  
  62  5:16  Drone  
  62  5:18  Drone  
  62  5:20  Drone  
  66  5:21  Drone  
  66  5:23  Drone  
  66  5:27  Drone x2  
  70  5:29  Drone  
  70  5:31  Roach  
  70  5:34  Hydralisk  
  75  5:39  Overlord, Hydralisk  
  75  5:41  Hydralisk  
  79  5:44  Hydralisk  
  79  5:47  Hydralisk  
  83  5:58  Overlord, Evolution Chamber  
  83  6:00  Drone  
  83  6:03  Hydralisk  
  85  6:20  Evolution Chamber, Drone  
  85  6:23  Lurker Den  
  85  6:25  Extractor, Drone  
Tags
 
Add a new tag
Caveats
  • Supply blocks, unpowered buildings, or Contaminate may cause inaccurate times.
  • Supply counts are checked every 10 seconds.